Connexion

PHILADELPHIA Flyers vs TORONTO Maple Leafs

Created - 20 novembre 2023 at 07:40

Goals
1 2 3 T
PHILADELPHIA Flyers 0 0 1 1
TORONTO Maple Leafs 1 2 1 4
Shots
1 2 3 T
PHILADELPHIA Flyers 7 7 10 24
TORONTO Maple Leafs 4 14 10 28

GoalsPenalties
1st period
1. TORONTO Maple Leafs , Derick Brassard 6 (Alex Chiasson 2, Corey Perry 13) at 9:49
No Penalty
2nd period
2. TORONTO Maple Leafs , Chad Ruhwedel 7 (Jakub Vrana 13, Quinn Hughes 27) at 9:57 (PP)
3. TORONTO Maple Leafs , Jonathan Huberdeau 14 (Jake Muzzin 16, Quinn Hughes 28) at 12:26
Justin Faulk (PHI) for Slashing (Minor) at 0:26
Matt Roy (PHI) for Tripping (Minor) at 9:28
Tj Brodie (PHI) for Tripping (Minor) at 16:07
3rd period
4. PHILADELPHIA Flyers , Alex Pietrangelo 6 (Sean Monahan 18, Tj Brodie 25) at 1:30 (PP)
5. TORONTO Maple Leafs , Alex Goligoski 7 (Mason Marchment 11, Corey Perry 14) at 11:29 (PP)
Quinn Hughes (TOR) for Tripping (Minor) at 0:26
Calen Addison (PHI) for Tripping (Minor) at 9:43
Goalie Stats
Stuart Skinner (PHI), 24 saves from 28 shots - (0,857), L, 19-13-1, 60:00 minutes
Keith Kinkaid (TOR), 23 saves from 24 shots - (0,958), W, 5-9-2, 60:00 minutes
3 StarsOfficial
1 - Corey Perry (TOR)
2 - Jonathan Huberdeau (TOR)
3 - Chad Ruhwedel (TOR)
Referees : Gord Dwyer and Kyle Rehman
Linesman : Ryan Galloway and Brian Mach
Game Note
No Game Note
Finance
Level 1 -- Attendance: 5394 (89,90%) -- Ticket Income 701 220 $
Level 2 -- Attendance: 5481 (94,19%) -- Ticket Income 411 075 $
Level 3 -- Attendance: 1940 (97,00%) -- Ticket Income 97 000 $
Level 4 -- Attendance: 4000 (100,00%) -- Ticket Income 120 000 $
Luxury Box -- Attendance: 909 (90,90%) -- Ticket Income 236 340 $
Game was played at the Air Canada Centre.
Total Attendance: 17724 (94,18%)
Total Ticket Income: 1 565 635 $
Other Income: 313 127 $
Total Income: 1 878 762 $



Team Name Goals Shots Shots Attemp Shots Blocked PIM HIT PP PK FO%
PHILADELPHIA Flyers 12448118131 / 1 (100%)256%
TORONTO Maple Leafs 4286842162 / 4 (50%)144%

PHILADELPHIA Flyers
Player Name POS G A P +/- PIM HIT SHT SB MP PP MP PP SHT PK MP PK SHT FO% FOT
Adam LowryC/LW000000006:480:0000:0000% 0
Alex PietrangeloD1010011124:550:3413:0900% 0
Austin CzarnikC/RW0000014023:150:3404:340100% 1
Brock McGinnLW/RW0000014012:010:0000:1700% 0
Calen AddisonD000-1201120:580:3001:5300% 0
Jakob SilfverbergLW/RW000-2000016:340:3000:0000% 0
Jason ZuckerLW/RW0000052120:030:3401:22050% 4
Joe VelenoC0000011011:440:0000:00062% 13
Justin FaulkD000-1211120:450:3011:4000% 0
Kasperi KapanenLW/RW0000002011:440:0000:0000% 0
Matt RoyD000-1200316:230:0003:2900% 0
Nail YakupovRW000000207:050:0000:170100% 1
Olli MaattaD000-1010013:070:0000:1200% 0
Pavel BuchnevichLW/RW000-2011017:560:3001:220100% 1
Sam ReinhartC/RW000-2002116:340:3000:00043% 21
Sean MonahanC0110001023:150:3404:34055% 31
Tj BrodieD0110211323:480:3402:0300% 0
Zach PariseC/LW000000106:480:0000:00070% 10
TORONTO Maple Leafs
Player Name POS G A P +/- PIM HIT SHT SB MP PP MP PP SHT PK MP PK SHT FO% FOT
Alex ChiassonLW/RW011100004:500:0000:0000% 0
Alex DebrincatC/LW/RW0000014024:333:1901:04050% 2
Alex GoligoskiD1010012018:252:5410:3000% 0
Brady TkachukLW0001021016:320:0000:0000% 1
Chad RuhwedelD1010022121:293:1920:3000% 0
Christopher WagnerC/RW000000000:000:0000:0000% 0
Corey PerryRW0221022018:552:5400:0000% 0
Derick BrassardC/LW/RW101100105:260:0000:00050% 4
Dominik KahunC/LW/RW0000001011:110:0000:0000% 0
Drew DoughtyD0000000015:010:0000:0000% 0
Jack McbainC0000011011:110:0000:00050% 14
Jake MuzzinD0112010223:302:5400:3400% 0
Jakub VranaLW/RW0111015119:513:1900:000100% 1
Jonathan HuberdeauC/LW1011012018:502:5410:00023% 22
Jordan KyrouC/RW0000002024:333:1911:04053% 34
Mason MarchmentC/LW0110043023:042:5400:00050% 4
Quinn HughesD0222202023:203:1920:0000% 0
Sebastian AhoD0000000018:140:0000:3400% 0



Play-by-Play

1st period


0:01 of 1st period - Jordan Kyrou wins face-off versus Sean Monahan in neutral zone.
0:45 of 1st period - Shot by Jason Zucker.
0:45 of 1st period - Deflect By Austin Czarnik.
0:45 of 1st period - Shot Misses the Net.
1:17 of 1st period - Shot by Sam Reinhart.
1:17 of 1st period - Stopped by Keith Kinkaid without a rebound.
1:18 of 1st period - Joe Veleno wins face-off versus Jack Mcbain in TORONTO Maple Leafs zone.
1:33 of 1st period - Shot by Brock McGinn.
1:33 of 1st period - Stopped by Keith Kinkaid without a rebound.
1:34 of 1st period - Zach Parise wins face-off versus Jonathan Huberdeau in TORONTO Maple Leafs zone.
2:56 of 1st period - Shot by Sam Reinhart.
2:56 of 1st period - Stopped by Keith Kinkaid without a rebound.
2:57 of 1st period - Sean Monahan wins face-off versus Jordan Kyrou in TORONTO Maple Leafs zone.
3:04 of 1st period - Shot by Sean Monahan.
3:04 of 1st period - Deflect By Austin Czarnik.
3:04 of 1st period - Stopped by Keith Kinkaid without a rebound.
3:05 of 1st period - Jordan Kyrou wins face-off versus Joe Veleno in TORONTO Maple Leafs zone.
3:05 of 1st period - Jordan Kyrou is hit by Brock McGinn.
4:06 of 1st period - Tj Brodie is hit by Jack Mcbain.
4:17 of 1st period - Icing by Alex Pietrangelo.
4:18 of 1st period - Jason Zucker wins face-off versus Jonathan Huberdeau in PHILADELPHIA Flyers zone.
4:18 of 1st period - Jason Zucker is hit by Brady Tkachuk.
4:40 of 1st period - Shot by Jakub Vrana.
4:40 of 1st period - Stopped by Stuart Skinner without a rebound.
4:41 of 1st period - Jack Mcbain wins face-off versus Sam Reinhart in PHILADELPHIA Flyers zone.
4:42 of 1st period - Shot by Quinn Hughes.
4:42 of 1st period - Shot Misses the Net.
4:50 of 1st period - Shot by Dominik Kahun.
4:50 of 1st period - Shot Misses the Net.
4:56 of 1st period - Shot by Jack Mcbain.
4:56 of 1st period - Deflect By Corey Perry.
4:56 of 1st period - Stopped by Stuart Skinner without a rebound.
4:57 of 1st period - Joe Veleno wins face-off versus Jonathan Huberdeau in PHILADELPHIA Flyers zone.
5:53 of 1st period - Shot by Dominik Kahun.
5:53 of 1st period - Shot Misses the Net.
6:09 of 1st period - Shot by Dominik Kahun.
6:09 of 1st period - Deflect By Jack Mcbain.
6:09 of 1st period - Shot Blocked by Matt Roy.
6:23 of 1st period - Shot by Corey Perry.
6:23 of 1st period - Shot Misses the Net.
7:39 of 1st period - Brock McGinn is hit by Mason Marchment and loses puck.
8:58 of 1st period - Tj Brodie is hit by Chad Ruhwedel and loses puck.
9:14 of 1st period - Icing by Sebastian Aho.
9:15 of 1st period - Pavel Buchnevich wins face-off versus Jonathan Huberdeau in TORONTO Maple Leafs zone.
9:47 of 1st period - Shot by Derick Brassard.
9:47 of 1st period - Shot Misses the Net.
9:49 of 1st period - Shot by Derick Brassard.
9:49 of 1st period - Goal by Derick Brassard - PHILADELPHIA Flyers : 0 - TORONTO Maple Leafs : 1.
9:50 of 1st period - Jack Mcbain wins face-off versus Zach Parise in neutral zone.
9:59 of 1st period - Shot by Jake Muzzin.
9:59 of 1st period - Shot Misses the Net.
10:02 of 1st period - Icing by Alex Pietrangelo.
10:03 of 1st period - Zach Parise wins face-off versus Jordan Kyrou in PHILADELPHIA Flyers zone.
10:03 of 1st period - Zach Parise is hit by Mason Marchment.
10:24 of 1st period - Shot by Zach Parise.
10:24 of 1st period - Shot Misses the Net.
10:45 of 1st period - Icing by Drew Doughty.
10:46 of 1st period - Sean Monahan wins face-off versus Jordan Kyrou in TORONTO Maple Leafs zone.
10:47 of 1st period - Shot by Austin Czarnik.
10:47 of 1st period - Stopped by Keith Kinkaid without a rebound.
10:48 of 1st period - Sean Monahan wins face-off versus Derick Brassard in TORONTO Maple Leafs zone.
12:53 of 1st period - Icing by Alex Pietrangelo.
12:54 of 1st period - Jonathan Huberdeau wins face-off versus Sam Reinhart in PHILADELPHIA Flyers zone.
13:17 of 1st period - Off-side.
13:18 of 1st period - Jack Mcbain wins face-off versus Sean Monahan in neutral zone.
13:18 of 1st period - Jack Mcbain is hit by Jason Zucker.
14:30 of 1st period - Shot by Alex Debrincat.
14:30 of 1st period - Shot Misses the Net.
15:14 of 1st period - Shot by Nail Yakupov.
15:14 of 1st period - Stopped by Keith Kinkaid without a rebound.
15:15 of 1st period - Joe Veleno wins face-off versus Jack Mcbain in TORONTO Maple Leafs zone.
15:31 of 1st period - Icing by Tj Brodie.
15:32 of 1st period - Joe Veleno wins face-off versus Jonathan Huberdeau in PHILADELPHIA Flyers zone.
16:09 of 1st period - Shot by Jake Muzzin.
16:09 of 1st period - Shot Misses the Net.
16:34 of 1st period - Shot by Mason Marchment.
16:34 of 1st period - Shot Misses the Net.
16:56 of 1st period - Shot by Jakob Silfverberg.
16:56 of 1st period - Shot Hit the Post.
17:07 of 1st period - Shot by Mason Marchment.
17:07 of 1st period - Stopped by Stuart Skinner without a rebound.
17:08 of 1st period - Zach Parise wins face-off versus Jack Mcbain in PHILADELPHIA Flyers zone.
17:10 of 1st period - Icing by Justin Faulk.
17:11 of 1st period - Zach Parise wins face-off versus Jack Mcbain in PHILADELPHIA Flyers zone.
17:32 of 1st period - Shot by Nail Yakupov.
17:32 of 1st period - Shot Misses the Net.
17:46 of 1st period - Shot by Nail Yakupov.
17:46 of 1st period - Stopped by Keith Kinkaid without a rebound.
17:47 of 1st period - Jordan Kyrou wins face-off versus Sean Monahan in TORONTO Maple Leafs zone.
18:15 of 1st period - Jake Muzzin is hit by Jason Zucker and loses puck.
19:53 of 1st period - Justin Faulk is hit by Brady Tkachuk.
Goals for this period are 0 for PHILADELPHIA Flyers vs 1 for TORONTO Maple Leafs.
Shots for this period are 7 for PHILADELPHIA Flyers vs 4 for TORONTO Maple Leafs.

2nd period


0:01 of 2nd period - Sean Monahan wins face-off versus Jordan Kyrou in neutral zone.
0:25 of 2nd period - Shot by Alex Debrincat.
0:25 of 2nd period - Stopped by Stuart Skinner without a rebound.
0:26 of 2nd period - Jonathan Huberdeau wins face-off versus Sam Reinhart in PHILADELPHIA Flyers zone.
0:26 of 2nd period - Minor Penalty to Justin Faulk for Slashing.
0:27 of 2nd period - Jordan Kyrou wins face-off versus Sean Monahan in PHILADELPHIA Flyers zone.
1:21 of 2nd period - Icing by Corey Perry.
1:22 of 2nd period - Jason Zucker wins face-off versus Mason Marchment in TORONTO Maple Leafs zone.
1:37 of 2nd period - Shot by Alex Goligoski.
1:37 of 2nd period - Shot Misses the Net.
1:39 of 2nd period - Shot by Jonathan Huberdeau.
1:39 of 2nd period - Stopped by Stuart Skinner without a rebound.
1:40 of 2nd period - Sean Monahan wins face-off versus Mason Marchment in PHILADELPHIA Flyers zone.
2:47 of 2nd period - Shot by Derick Brassard.
2:47 of 2nd period - Shot Misses the Net.
2:49 of 2nd period - Shot by Jakub Vrana.
2:49 of 2nd period - Shot Misses the Net.
2:56 of 2nd period - Jakub Vrana is hit by Alex Pietrangelo and loses puck.
3:01 of 2nd period - Shot by Brady Tkachuk.
3:01 of 2nd period - Stopped by Stuart Skinner without a rebound.
3:02 of 2nd period - Sam Reinhart wins face-off versus Jordan Kyrou in PHILADELPHIA Flyers zone.
3:09 of 2nd period - Icing by Alex Debrincat.
3:10 of 2nd period - Jordan Kyrou wins face-off versus Sam Reinhart in TORONTO Maple Leafs zone.
3:52 of 2nd period - Shot by Pavel Buchnevich.
3:52 of 2nd period - Shot Misses the Net.
4:10 of 2nd period - Icing by Jordan Kyrou.
4:11 of 2nd period - Alex Debrincat wins face-off versus Sean Monahan in TORONTO Maple Leafs zone.
4:30 of 2nd period - Shot by Sean Monahan.
4:30 of 2nd period - Shot Misses the Net.
4:32 of 2nd period - Shot by Austin Czarnik.
4:32 of 2nd period - Stopped by Keith Kinkaid without a rebound.
4:33 of 2nd period - Jack Mcbain wins face-off versus Joe Veleno in TORONTO Maple Leafs zone.
4:33 of 2nd period - Jack Mcbain is hit by Joe Veleno.
4:50 of 2nd period - Shot by Brock McGinn.
4:50 of 2nd period - Shot Misses the Net.
4:52 of 2nd period - Shot by Brock McGinn.
4:52 of 2nd period - Shot Misses the Net.
4:54 of 2nd period - Shot by Joe Veleno.
4:54 of 2nd period - Deflect By Brock McGinn.
4:54 of 2nd period - Stopped by Keith Kinkaid without a rebound.
4:55 of 2nd period - Sean Monahan wins face-off versus Jonathan Huberdeau in TORONTO Maple Leafs zone.
5:54 of 2nd period - Drew Doughty is hit by Austin Czarnik and loses puck.
6:34 of 2nd period - Shot by Jakob Silfverberg.
6:34 of 2nd period - Shot Misses the Net.
7:22 of 2nd period - Shot by Brock McGinn.
7:22 of 2nd period - Stopped by Keith Kinkaid without a rebound.
7:23 of 2nd period - Zach Parise wins face-off versus Jonathan Huberdeau in TORONTO Maple Leafs zone.
7:32 of 2nd period - Shot by Nail Yakupov.
7:32 of 2nd period - Shot Misses the Net.
7:46 of 2nd period - Shot by Zach Parise.
7:46 of 2nd period - Stopped by Keith Kinkaid without a rebound.
7:47 of 2nd period - Jordan Kyrou wins face-off versus Sean Monahan in TORONTO Maple Leafs zone.
7:47 of 2nd period - Jordan Kyrou is hit by Jason Zucker.
7:57 of 2nd period - Shot by Alex Debrincat.
7:57 of 2nd period - Shot Misses the Net.
8:13 of 2nd period - Shot by Jordan Kyrou.
8:13 of 2nd period - Shot Blocked by Justin Faulk.
9:03 of 2nd period - Shot by Jakub Vrana.
9:03 of 2nd period - Stopped by Stuart Skinner without a rebound.
9:04 of 2nd period - Sam Reinhart wins face-off versus Jack Mcbain in PHILADELPHIA Flyers zone.
9:17 of 2nd period - Shot by Dominik Kahun.
9:17 of 2nd period - Stopped by Stuart Skinner without a rebound.
9:18 of 2nd period - Jakub Vrana wins face-off versus Joe Veleno in PHILADELPHIA Flyers zone.
9:18 of 2nd period - Jonathan Huberdeau is hit by Olli Maatta and loses puck.
9:27 of 2nd period - Shot by Jakub Vrana.
9:27 of 2nd period - Stopped by Stuart Skinner with a rebound.
9:28 of 2nd period - Minor Penalty to Matt Roy for Tripping.
9:29 of 2nd period - Jordan Kyrou wins face-off versus Sean Monahan in PHILADELPHIA Flyers zone.
9:30 of 2nd period - Shot by Quinn Hughes.
9:30 of 2nd period - Stopped by Stuart Skinner without a rebound.
9:31 of 2nd period - Jordan Kyrou wins face-off versus Sean Monahan in PHILADELPHIA Flyers zone.
9:32 of 2nd period - Shot by Quinn Hughes.
9:32 of 2nd period - Shot Misses the Net.
9:34 of 2nd period - Shot by Jordan Kyrou.
9:34 of 2nd period - Stopped by Stuart Skinner without a rebound.
9:35 of 2nd period - Sean Monahan wins face-off versus Jordan Kyrou in PHILADELPHIA Flyers zone.
9:35 of 2nd period - Sean Monahan is hit by Alex Debrincat.
9:55 of 2nd period - Shot by Jakub Vrana.
9:55 of 2nd period - Shot Misses the Net.
9:57 of 2nd period - Shot by Chad Ruhwedel.
9:57 of 2nd period - Goal by Chad Ruhwedel - PHILADELPHIA Flyers : 0 - TORONTO Maple Leafs : 2.
9:58 of 2nd period - Jack Mcbain wins face-off versus Sam Reinhart in neutral zone.
10:12 of 2nd period - Shot by Pavel Buchnevich.
10:12 of 2nd period - Stopped by Keith Kinkaid without a rebound.
10:13 of 2nd period - Jordan Kyrou wins face-off versus Joe Veleno in TORONTO Maple Leafs zone.
10:24 of 2nd period - Shot by Jordan Kyrou.
10:24 of 2nd period - Shot Blocked by Alex Pietrangelo.
10:51 of 2nd period - Shot by Brock McGinn.
10:51 of 2nd period - Deflect By Kasperi Kapanen.
10:51 of 2nd period - Stopped by Keith Kinkaid without a rebound.
10:52 of 2nd period - Jack Mcbain wins face-off versus Jason Zucker in TORONTO Maple Leafs zone.
12:26 of 2nd period - Shot by Jonathan Huberdeau.
12:26 of 2nd period - Goal by Jonathan Huberdeau - PHILADELPHIA Flyers : 0 - TORONTO Maple Leafs : 3.
12:27 of 2nd period - Jordan Kyrou wins face-off versus Zach Parise in neutral zone.
14:03 of 2nd period - Shot by Brady Tkachuk.
14:03 of 2nd period - Shot Hit the Post.
14:05 of 2nd period - Shot by Jake Muzzin.
14:05 of 2nd period - Shot Misses the Net.
14:07 of 2nd period - Shot by Jonathan Huberdeau.
14:07 of 2nd period - Shot Misses the Net.
14:32 of 2nd period - Shot by Jack Mcbain.
14:32 of 2nd period - Shot Misses the Net.
14:42 of 2nd period - Shot by Dominik Kahun.
14:42 of 2nd period - Shot Misses the Net.
14:44 of 2nd period - Shot by Jack Mcbain.
14:44 of 2nd period - Shot Blocked by Calen Addison.
14:46 of 2nd period - Shot by Sebastian Aho.
14:46 of 2nd period - Deflect By Jack Mcbain.
14:46 of 2nd period - Stopped by Stuart Skinner with a rebound.
15:20 of 2nd period - Shot by Mason Marchment.
15:20 of 2nd period - Shot Misses the Net.
15:22 of 2nd period - Shot by Jordan Kyrou.
15:22 of 2nd period - Shot Misses the Net.
15:39 of 2nd period - Jordan Kyrou is hit by Tj Brodie and loses puck.
15:42 of 2nd period - Shot by Mason Marchment.
15:42 of 2nd period - Deflect By Alex Debrincat.
15:42 of 2nd period - Shot Misses the Net.
15:50 of 2nd period - Shot by Jordan Kyrou.
15:50 of 2nd period - Shot Blocked by Sam Reinhart.
15:57 of 2nd period - Icing by Alex Pietrangelo.
15:58 of 2nd period - Sam Reinhart wins face-off versus Jonathan Huberdeau in PHILADELPHIA Flyers zone.
16:07 of 2nd period - Minor Penalty to Tj Brodie for Tripping.
16:08 of 2nd period - Nail Yakupov wins face-off versus Jordan Kyrou in PHILADELPHIA Flyers zone.
16:08 of 2nd period - Nail Yakupov is hit by Jakub Vrana.
16:24 of 2nd period - Shot by Quinn Hughes.
16:24 of 2nd period - Stopped by Stuart Skinner without a rebound.
16:25 of 2nd period - Mason Marchment wins face-off versus Sean Monahan in PHILADELPHIA Flyers zone.
17:23 of 2nd period - Shot by Quinn Hughes.
17:23 of 2nd period - Shot Blocked by Jason Zucker.
17:25 of 2nd period - Shot by Chad Ruhwedel.
17:25 of 2nd period - Stopped by Stuart Skinner without a rebound.
17:26 of 2nd period - Sean Monahan wins face-off versus Jordan Kyrou in PHILADELPHIA Flyers zone.
18:22 of 2nd period - Brock McGinn is hit by Alex Goligoski and loses puck.
18:33 of 2nd period - Shot by Brock McGinn.
18:33 of 2nd period - Shot Misses the Net.
18:51 of 2nd period - Adam Lowry is hit by Corey Perry and loses puck.
19:08 of 2nd period - Shot by Calen Addison.
19:08 of 2nd period - Stopped by Keith Kinkaid without a rebound.
19:09 of 2nd period - Jonathan Huberdeau wins face-off versus Sam Reinhart in TORONTO Maple Leafs zone.
19:28 of 2nd period - Shot by Jakub Vrana.
19:28 of 2nd period - Stopped by Stuart Skinner without a rebound.
19:29 of 2nd period - Jordan Kyrou wins face-off versus Zach Parise in PHILADELPHIA Flyers zone.
Goals for this period are 0 for PHILADELPHIA Flyers vs 2 for TORONTO Maple Leafs.
Shots for this period are 7 for PHILADELPHIA Flyers vs 14 for TORONTO Maple Leafs.

3rd period


0:01 of 3rd period - Jordan Kyrou wins face-off versus Sean Monahan in neutral zone.
0:03 of 3rd period - Off-side.
0:04 of 3rd period - Sean Monahan wins face-off versus Jordan Kyrou in neutral zone.
0:22 of 3rd period - Jason Zucker is hit by Mason Marchment and loses puck.
0:26 of 3rd period - Minor Penalty to Quinn Hughes for Tripping.
0:27 of 3rd period - Jordan Kyrou wins face-off versus Sam Reinhart in TORONTO Maple Leafs zone.
0:39 of 3rd period - Calen Addison is hit by Chad Ruhwedel and loses puck.
0:56 of 3rd period - Shot by Justin Faulk.
0:56 of 3rd period - Stopped by Keith Kinkaid without a rebound.
0:57 of 3rd period - Jordan Kyrou wins face-off versus Sean Monahan in TORONTO Maple Leafs zone.
0:57 of 3rd period - Alex Debrincat is hit by Jason Zucker and loses puck.
1:30 of 3rd period - Shot by Alex Pietrangelo.
1:30 of 3rd period - Goal by Alex Pietrangelo - PHILADELPHIA Flyers : 1 - TORONTO Maple Leafs : 3.
1:31 of 3rd period - Sam Reinhart wins face-off versus Jonathan Huberdeau in neutral zone.
3:03 of 3rd period - Joe Veleno is hit by Jake Muzzin and loses puck.
3:07 of 3rd period - Icing by Alex Chiasson.
3:08 of 3rd period - Sean Monahan wins face-off versus Derick Brassard in TORONTO Maple Leafs zone.
3:23 of 3rd period - Shot by Corey Perry.
3:23 of 3rd period - Shot Blocked by Matt Roy.
3:31 of 3rd period - Shot by Corey Perry.
3:31 of 3rd period - Stopped by Stuart Skinner without a rebound.
3:32 of 3rd period - Sam Reinhart wins face-off versus Jordan Kyrou in PHILADELPHIA Flyers zone.
4:26 of 3rd period - Jake Muzzin is hit by Pavel Buchnevich and loses puck.
5:48 of 3rd period - Shot by Joe Veleno.
5:48 of 3rd period - Stopped by Keith Kinkaid without a rebound.
5:49 of 3rd period - Zach Parise wins face-off versus Jordan Kyrou in TORONTO Maple Leafs zone.
6:01 of 3rd period - Shot by Zach Parise.
6:01 of 3rd period - Shot Misses the Net.
6:05 of 3rd period - Shot by Justin Faulk.
6:05 of 3rd period - Shot Misses the Net.
6:10 of 3rd period - Icing by Alex Debrincat.
6:11 of 3rd period - Sam Reinhart wins face-off versus Jordan Kyrou in TORONTO Maple Leafs zone.
6:14 of 3rd period - Shot by Pavel Buchnevich.
6:14 of 3rd period - Shot Misses the Net.
6:17 of 3rd period - Icing by Chad Ruhwedel.
6:18 of 3rd period - Sean Monahan wins face-off versus Jordan Kyrou in TORONTO Maple Leafs zone.
6:19 of 3rd period - Shot by Jason Zucker.
6:19 of 3rd period - Shot Blocked by Chad Ruhwedel.
6:21 of 3rd period - Shot by Alex Pietrangelo.
6:21 of 3rd period - Shot Misses the Net.
6:23 of 3rd period - Shot by Alex Pietrangelo.
6:23 of 3rd period - Shot Misses the Net.
6:29 of 3rd period - Shot by Alex Debrincat.
6:29 of 3rd period - Stopped by Stuart Skinner without a rebound.
6:30 of 3rd period - Sam Reinhart wins face-off versus Brady Tkachuk in PHILADELPHIA Flyers zone.
6:40 of 3rd period - Icing by Drew Doughty.
6:41 of 3rd period - Sean Monahan wins face-off versus Jonathan Huberdeau in TORONTO Maple Leafs zone.
7:00 of 3rd period - Sean Monahan is hit by Jonathan Huberdeau and loses puck.
7:06 of 3rd period - Icing by Justin Faulk.
7:07 of 3rd period - Jordan Kyrou wins face-off versus Sean Monahan in PHILADELPHIA Flyers zone.
7:08 of 3rd period - Shot by Mason Marchment.
7:08 of 3rd period - Stopped by Stuart Skinner with a rebound.
7:16 of 3rd period - Shot by Austin Czarnik.
7:16 of 3rd period - Shot Blocked by Jake Muzzin.
7:18 of 3rd period - Shot by Justin Faulk.
7:18 of 3rd period - Shot Blocked by Jake Muzzin.
7:24 of 3rd period - Shot by Austin Czarnik.
7:24 of 3rd period - Stopped by Keith Kinkaid with a rebound.
7:34 of 3rd period - Shot by Sean Monahan.
7:34 of 3rd period - Stopped by Keith Kinkaid without a rebound.
7:35 of 3rd period - Jonathan Huberdeau wins face-off versus Sam Reinhart in TORONTO Maple Leafs zone.
8:09 of 3rd period - Icing by Tj Brodie.
8:10 of 3rd period - Jordan Kyrou wins face-off versus Sam Reinhart in PHILADELPHIA Flyers zone.
9:01 of 3rd period - Shot by Sean Monahan.
9:01 of 3rd period - Shot Misses the Net.
9:03 of 3rd period - Shot by Sean Monahan.
9:03 of 3rd period - Shot Misses the Net.
9:07 of 3rd period - Shot by Jason Zucker.
9:07 of 3rd period - Stopped by Keith Kinkaid without a rebound.
9:08 of 3rd period - Joe Veleno wins face-off versus Jonathan Huberdeau in TORONTO Maple Leafs zone.
9:09 of 3rd period - Shot by Kasperi Kapanen.
9:09 of 3rd period - Stopped by Keith Kinkaid with a rebound.
9:12 of 3rd period - Icing by Sebastian Aho.
9:13 of 3rd period - Joe Veleno wins face-off versus Jonathan Huberdeau in TORONTO Maple Leafs zone.
9:43 of 3rd period - Minor Penalty to Calen Addison for Tripping.
9:44 of 3rd period - Mason Marchment wins face-off versus Sean Monahan in PHILADELPHIA Flyers zone.
10:55 of 3rd period - Shot by Alex Debrincat.
10:55 of 3rd period - Shot Blocked by Matt Roy.
11:26 of 3rd period - Mason Marchment is hit by Justin Faulk and loses puck.
11:29 of 3rd period - Shot by Alex Goligoski.
11:29 of 3rd period - Goal by Alex Goligoski - PHILADELPHIA Flyers : 1 - TORONTO Maple Leafs : 4.
11:30 of 3rd period - Derick Brassard wins face-off versus Sam Reinhart in neutral zone.
11:57 of 3rd period - Shot by Derick Brassard.
11:57 of 3rd period - Shot Blocked by Tj Brodie.
12:03 of 3rd period - Shot by Alex Chiasson.
12:03 of 3rd period - Shot Blocked by Tj Brodie.
12:16 of 3rd period - Icing by Pavel Buchnevich.
12:17 of 3rd period - Jordan Kyrou wins face-off versus Sam Reinhart in PHILADELPHIA Flyers zone.
13:04 of 3rd period - Shot by Brock McGinn.
13:04 of 3rd period - Stopped by Keith Kinkaid without a rebound.
13:05 of 3rd period - Zach Parise wins face-off versus Jonathan Huberdeau in TORONTO Maple Leafs zone.
13:26 of 3rd period - Shot by Jakub Vrana.
13:26 of 3rd period - Stopped by Stuart Skinner without a rebound.
13:27 of 3rd period - Sean Monahan wins face-off versus Jack Mcbain in PHILADELPHIA Flyers zone.
13:33 of 3rd period - Icing by Sean Monahan.
13:34 of 3rd period - Sean Monahan wins face-off versus Jonathan Huberdeau in PHILADELPHIA Flyers zone.
14:11 of 3rd period - Shot by Jason Zucker.
14:11 of 3rd period - Stopped by Keith Kinkaid with a rebound.
14:24 of 3rd period - Icing by Chad Ruhwedel.
14:25 of 3rd period - Sam Reinhart wins face-off versus Jonathan Huberdeau in TORONTO Maple Leafs zone.
14:38 of 3rd period - Shot by Sam Reinhart.
14:38 of 3rd period - Shot Blocked by Jakub Vrana.
14:58 of 3rd period - Shot by Jordan Kyrou.
14:58 of 3rd period - Shot Misses the Net.
15:00 of 3rd period - Shot by Alex Debrincat.
15:00 of 3rd period - Shot Misses the Net.
15:02 of 3rd period - Shot by Quinn Hughes.
15:02 of 3rd period - Shot Misses the Net.
15:04 of 3rd period - Shot by Quinn Hughes.
15:04 of 3rd period - Shot Blocked by Tj Brodie.
15:18 of 3rd period - Shot by Jordan Kyrou.
15:18 of 3rd period - Stopped by Stuart Skinner with a rebound.
15:28 of 3rd period - Shot by Mason Marchment.
15:28 of 3rd period - Shot Misses the Net.
15:30 of 3rd period - Shot by Mason Marchment.
15:30 of 3rd period - Deflect By Alex Debrincat.
15:30 of 3rd period - Shot Misses the Net.
15:50 of 3rd period - Shot by Dominik Kahun.
15:50 of 3rd period - Shot Misses the Net.
15:52 of 3rd period - Shot by Alex Goligoski.
15:52 of 3rd period - Stopped by Stuart Skinner without a rebound.
15:53 of 3rd period - Derick Brassard wins face-off versus Sean Monahan in PHILADELPHIA Flyers zone.
16:02 of 3rd period - Jason Zucker is hit by Corey Perry.
16:03 of 3rd period - Icing by Jason Zucker.
16:04 of 3rd period - Sean Monahan wins face-off versus Jack Mcbain in PHILADELPHIA Flyers zone.
16:18 of 3rd period - Jack Mcbain is hit by Jason Zucker and loses puck.
16:40 of 3rd period - Icing by Matt Roy.
16:41 of 3rd period - Sean Monahan wins face-off versus Jordan Kyrou in PHILADELPHIA Flyers zone.
17:08 of 3rd period - Icing by Alex Debrincat.
17:09 of 3rd period - Joe Veleno wins face-off versus Alex Debrincat in TORONTO Maple Leafs zone.
17:28 of 3rd period - Shot by Alex Debrincat.
17:28 of 3rd period - Stopped by Stuart Skinner without a rebound.
17:29 of 3rd period - Jonathan Huberdeau wins face-off versus Sam Reinhart in PHILADELPHIA Flyers zone.
18:23 of 3rd period - Off-side.
18:24 of 3rd period - Austin Czarnik wins face-off versus Jordan Kyrou in neutral zone.
18:45 of 3rd period - Shot by Alex Debrincat.
18:45 of 3rd period - Stopped by Stuart Skinner without a rebound.
18:46 of 3rd period - Jack Mcbain wins face-off versus Joe Veleno in PHILADELPHIA Flyers zone.
19:14 of 3rd period - Off-side.
19:15 of 3rd period - Jordan Kyrou wins face-off versus Jason Zucker in neutral zone.
19:18 of 3rd period - Shot by Mason Marchment.
19:18 of 3rd period - Stopped by Stuart Skinner without a rebound.
19:19 of 3rd period - Sean Monahan wins face-off versus Jordan Kyrou in PHILADELPHIA Flyers zone.
19:19 of 3rd period - Sean Monahan is hit by Mason Marchment.
19:42 of 3rd period - Shot by Austin Czarnik.
19:42 of 3rd period - Shot Misses the Net.
19:44 of 3rd period - Shot by Tj Brodie.
19:44 of 3rd period - Stopped by Keith Kinkaid without a rebound.
19:45 of 3rd period - Sam Reinhart wins face-off versus Jonathan Huberdeau in TORONTO Maple Leafs zone.
19:55 of 3rd period - Icing by Sebastian Aho.
19:56 of 3rd period - Joe Veleno wins face-off versus Jonathan Huberdeau in TORONTO Maple Leafs zone.
19:57 of 3rd period - Shot by Tj Brodie.
19:57 of 3rd period - Shot Hit the Post.
Goals for this period are 1 for PHILADELPHIA Flyers vs 1 for TORONTO Maple Leafs.
Shots for this period are 10 for PHILADELPHIA Flyers vs 10 for TORONTO Maple Leafs.